 Dungeon Crawl Stone Soup version 0.23.1-37-gaa34b87b72 (webtiles) character file.

Game seed: 9017916671598602540

11193 PikkenKukken the Fighter (level 11, -3/81 HPs)
             Began as an Octopode Wizard on Mar 20, 2019.
             Was a High Priest of Okawaru.
             Slain by a wraith (10 damage)
             ... on level 10 of the Dungeon.
             The game lasted 01:04:27 (19089 turns).

PikkenKukken the Fighter (Octopode Wizard)         Turns: 19089, Time: 01:04:27

Health: -3/81      AC:  5    Str:  7    XL:     11   Next: 73%
Magic:  15/18      EV: 20    Int: 26    God:    Okawaru [*****.]
Gold:   783        SH:  0    Dex: 13    Spells: 3/20 levels left

rFire    + . .     SeeInvis .   E - +2 trident (drain)
rCold    + . .     Gourm    .   (no shield)
rNeg     + + .     Faith    .   a - +2 hat
rPois    .         Spirit   .   n - amulet of magic regeneration
rElec    .         Reflect  .   m - ring of protection from fire
rCorr    .         Harm     .   g - ring of protection from magic
MR       +....                  u - ring of protection from cold
Stlth    +++++.....             y - ring of positive energy
HPRegen  0.23/turn              k - ring of wizardry
MPRegen  0.41/turn              L - +2 ring of protection
                                M - ring of Gueduym {*Contam +Fly rN+ EV-2 Int+5} (curse)
                                (no ring)

@: heroism, slowed, very slow
A: almost no armour, stealthy swim, amphibious, 8 rings, constrict 8, camouflage
1, gelatinous body 1
a: Heroism, Finesse, Renounce Religion, Evoke Flight


You were on level 10 of the Dungeon.
You worshipped Okawaru.
Okawaru was extremely pleased with you.
You were hungry.

You visited 1 branch of the dungeon, and saw 11 of its levels.

You collected 783 gold pieces.

Inventory:

Hand Weapons
 j - a +0 whip of electrocution
 l - the +2 war axe of Exoneration {holy, +Fly rElec MR+++ Int+3 Dex-5}
   (You found it on level 5 of the Dungeon)

   It has been blessed by the Shining One to cause great damage to the undead
   and demons.
   It affects your intelligence (+3).
   It affects your dexterity (-5).
   It insulates you from electricity.
   It affects your resistance to hostile enchantments.
   It lets you fly.
 E - a +2 trident of draining (weapon)
Missiles
 s - 94 arrows
Armour
 a - a +2 hat (worn)
 x - a +0 shield
Jewellery
 g - a ring of protection from magic (right tentacle)
 k - a ring of wizardry (on tentacle)
 m - a ring of protection from fire (left tentacle)
 n - an amulet of magic regeneration (around mantle)
 o - an uncursed ring of ice
 u - a ring of protection from cold (on tentacle)
 y - a ring of positive energy (on tentacle)
 A - an uncursed amulet of the acrobat
 L - a +2 ring of protection (on tentacle)
 M - the cursed ring of Gueduym (on tentacle) {*Contam +Fly rN+ EV-2 Int+5}
   (You found it on level 10 of the Dungeon)

   [ring of evasion]

   It affects your evasion (-2).
   It affects your intelligence (+5).
   It protects you from negative energy.
   It lets you fly.
   It causes magical contamination when unequipped.
   It has a curse placed upon it.
Wands
 i - a wand of random effects (11)
 t - a wand of digging (1)
 D - a wand of scattershot (5)
 J - a wand of flame (37)
Scrolls
 b - a scroll of amnesia
 h - 4 scrolls of teleportation
 p - a scroll of fog
 q - 8 scrolls of remove curse
 w - 3 scrolls of enchant armour
 z - a scroll of magic mapping
 B - a scroll of identify
 H - a scroll of enchant weapon
Potions
 d - 2 potions of brilliance
 e - 4 potions of flight
 f - a potion of agility
 r - 2 potions of heal wounds
 v - a potion of magic
 F - 2 potions of cancellation
 G - a potion of mutation
 K - a potion of curing
Comestibles
 c - 21 rations


   Skills:
 - Level 10.3(15.3) Fighting
 - Level 9.1(14.1) Polearms
 - Level 9.0(14.0) Dodging
 - Level 5.0(10.0) Stealth
 - Level 5.0 Spellcasting
 - Level 1.0 Conjurations
 - Level 1.0 Summonings
 - Level 4.1 Necromancy
 - Level 1.0 Translocations
 + Level 0.0 Air Magic
 - Level 5.1 Invocations


You had 3 spell levels left.
You knew the following spells:

 Your Spells              Type           Power        Failure   Level  Hunger
a - Magic Dart            Conj           ##..         1%          1    None
b - Blink                 Tloc           N/A          3%          2    None
c - Call Imp              Summ           ##......     3%          2    None
d - Animate Skeleton      Necr           N/A          1%          1    None
e - Regeneration          Chrm/Necr      ###.......   4%          3    #......
f - Poisonous Vapours     Pois/Air       #.....       4%          2    None
g - Conjure Flame         Conj/Fire      #.......     8%          3    #......
h - Mephitic Cloud        Conj/Pois/Air  #.......     9%          3    #......

Your spell library contained the following spells:

 Spells                   Type           Power        Failure   Level  Hunger
 Pain                     Necr           ####         1%          1    None
 Vampiric Draining        Necr           ####......   1%          3    #......
 Sting                    Conj/Pois      #...         2%          1    None
 Slow                     Hex            #.......     4%          2    None
 Animate Dead             Necr           N/A          6%          4    ###....
 Olgreb's Toxic Radiance  Pois           #.......     28%         4    ###....
 Venom Bolt               Conj/Pois      #.........   52%         5    #####..


Dungeon Overview and Level Annotations

Branches:
Dungeon (11/15)            Temple (0/1) D:6             Orc (0/2) D:10
   Lair: D:8-11

Altars:
Okawaru

Shops:
D:4 [[   D:7 [

Annotations:
D:3 1 runed translucent door, Crazy Yiuf
D:7 exclusions: 2 killer bees and 1 more exclusion
D:8 exclusion: Joseph


Innate Abilities, Weirdness & Mutations

You cannot wear most types of armour.
You are very stealthy in the water. (Stealth+)
You are amphibious.
You can wear up to eight rings at the same time.
You can use your tentacles to constrict eight enemies at once.
Your skin changes colour to match your surroundings (Stealth+).
Your rubbery body absorbs attacks. (AC +1, EV +1)


Message History

The wraith drains your vigour!
You feel as though you will be slow longer.
Casting: Conjure Flame (safe; 8% risk of failure)
Confirm with . or Enter, or press ? or * to list all spells.
You blink.
Casting: Blink (safe; 3% risk of failure)
Confirm with . or Enter, or press ? or * to list all spells.
You blink.
The wraith hits you!
* * * LOW HITPOINT WARNING * * *
Casting: Blink (safe; 3% risk of failure)
Confirm with . or Enter, or press ? or * to list all spells.
You blink.
There is an open door here.
You hit the wraith.
The wraith is almost destroyed.
The wraith completely misses you.
You hit the wraith but do no damage.
The wraith is almost destroyed.
The wraith hits you!
You die...

#.....########....... ######
#.....'>.....#....... .....######
#.....######.'....... .....'....#
#.....# ###.......
.....####(###.....# #.......
.....# #.)((.....# #....... .....#
#####.....# #....... .....#
#.>.W.# #....... .....# ####@##
#....... ###'## #..# ###'#### #.#
##.# #...<# ##.# #)# ####.# #..#
######'### ######'#
##รท#########........######.......
........#..'........##...'.......
........'.##........##.###.....##
........####........##># #.....#.


You could see a wraith.

Vanquished Creatures
  Fannar (D:10)
  A two-headed ogre (D:10)
  A cyclops (D:11)
  3 ugly things
  Joseph (D:8)
  Maurice (D:8)
  Psyche (D:8)
  2 trolls
  A hippogriff (D:7)
  16 yaks
  A hungry ghost (D:8)
  A soldier ant (D:8)
  4 orc warriors
  2 ice beasts
  4 sky beasts
  3 black bears
  A necrophage (D:10)
  An eye of draining (D:10)
  An ogre (D:7)
  2 big kobolds
  4 bullfrogs
  A gnoll sergeant (D:7)
  4 scorpions
  8 wights
  A howler monkey (D:6)
  2 crimson imps
  2 centaur zombies
  A quasit (D:8)
  7 jellies
  6 orc priests
  4 hounds
  9 orc wizards
  A centaur skeleton (D:7)
  3 iguanas
  8 worker ants
  A hound skeleton (D:9)
  13 gnolls
  14 adders
  A hound simulacrum (D:11)
  2 shadow imps
  5 oozes (D:8)
  2 adder zombies
  5 worms
  2 dart slugs (D:1)
  4 leopard geckos
  36 orcs
  8 giant cockroaches
  7 hobgoblins
  14 jackals
  4 quokkas
  2 ball pythons
  3 bats
  7 frilled lizards
  6 goblins
  2 jackal skeletons
  16 kobolds
  8 rats
271 creatures vanquished.

Vanquished Creatures (collateral kills)
  A centaur simulacrum (D:11)
  A black bear (D:5)
  A gnoll sergeant (D:5)
  A bullfrog zombie (D:10)
  A quasit (D:4)
  Jessica (D:3)
  Ijyb (D:3)
  An orc wizard (D:8)
  4 gnolls
  A worm (D:4)
  A leopard gecko (D:2)
  An orc (D:10)
  3 kobolds (D:8)
18 creatures vanquished.

Grand Total: 289 creatures vanquished

Notes
Turn   | Place    | Note
-------+----------+-------------------------------------------
     0 | D:1      | PikkenKukken the Octopode Wizard began the quest for the
                  | Orb.
     0 | D:1      | Reached XP level 1. HP: 11/11 MP: 4/4
   161 | D:1      | Reached XP level 2. HP: 17/18 MP: 0/6
   165 | D:1      | Learned a level 2 spell: Blink
   168 | D:1      | Learned a level 2 spell: Call Imp
   241 | D:1      | Reached skill level 1 in Fighting
  1197 | D:1      | Reached XP level 3. HP: 23/23 MP: 7/7
  2043 | D:1      | Reached XP level 4. HP: 27/29 MP: 5/8
  2119 | D:1      | Reached skill level 2 in Fighting
  3202 | D:2      | Found a faded altar of an unknown god.
  3763 | D:2      | Reached XP level 5. HP: 14/34 MP: 4/9
  3964 | D:2      | Reached skill level 1 in Polearms
  4844 | D:3      | Noticed Jessica
  4864 | D:3      | Killed Jessica
  4920 | D:3      | Reached skill level 5 in Stealth
  5073 | D:3      | Found a runed translucent door.
  5074 | D:3      | Noticed Crazy Yiuf
  5129 | D:3      | Noticed Ijyb
  5274 | D:3      | Noticed a sky beast
  5416 | D:4      | Reached XP level 6. HP: 39/41 MP: 10/10
  5512 | D:4      | Reached skill level 3 in Fighting
  5872 | D:4      | Found Ammeth's Antique Armour Shoppe.
  5953 | D:4      | Found an iron altar of Okawaru.
  5962 | D:4      | Became a worshipper of Warmaster Okawaru
  6249 | D:4      | Found Goshruf's Armour Emporium.
  6690 | D:5      | Entered Level 5 of the Dungeon
  6694 | D:5      | Noticed an ice beast
  7383 | D:4      | Reached XP level 7. HP: 36/47 MP: 11/11
  7778 | D:4      | Reached skill level 1 in Invocations
  8130 | D:4      | Reached skill level 4 in Fighting
  8632 | D:5      | Got an iridescent war axe
  8810 | D:5      | Identified the +2 war axe of Exoneration {holy, +Fly rElec
                  | MR+++ Int+3 Dex-5} (You found it on level 5 of the Dungeon)
  9270 | D:5      | Reached skill level 5 in Dodging
 10018 | D:6      | Reached XP level 8. HP: 41/54 MP: 12/12
 10251 | D:5      | Reached * piety under Okawaru
 10325 | D:6      | Reached skill level 5 in Polearms
 10487 | D:6      | Found a staircase to the Ecumenical Temple.
 10678 | D:6      | Reached skill level 5 in Invocations
 11746 | D:3      | Killed Ijyb
 12100 | D:7      | Reached XP level 9. HP: 49/58 MP: 2/13
 12526 | D:7      | Noticed a purple ugly thing
 12612 | D:8      | Noticed Joseph
 12673 | D:8      | Reached ** piety under Okawaru
 13336 | D:8      | HP: 1/58 [something/magic dart (5)]
 13564 | D:8      | Noticed Maurice
 13618 | D:8      | Learned a level 3 spell: Conjure Flame
 13622 | D:8      | Learned a level 3 spell: Mephitic Cloud
 13934 | D:8      | Noticed Psyche
 14103 | D:7      | Found Rexusiwn's Antique Armour Boutique.
 14523 | D:7      | Killed a green ugly thing
 14523 | D:7      | Reached skill level 5 in Fighting
 14523 | D:7      | Reached XP level 10. HP: 46/66 MP: 9/16
 15671 | D:8      | Killed Joseph
 15848 | D:9      | Learned a level 2 spell: Poisonous Vapours
 16088 | D:9      | Reached skill level 6 in Fighting
 16088 | D:9      | Reached skill level 5 in Spellcasting
 16286 | D:9      | Reached *** piety under Okawaru
 16292 | D:9      | Reached skill level 7 in Fighting
 16720 | D:9      | Noticed a cyan ugly thing
 16742 | D:9      | Killed a cyan ugly thing
 16975 | D:9      | Learned a level 1 spell: Animate Skeleton
 16979 | D:9      | Learned a level 3 spell: Regeneration
 17075 | D:9      | Reached **** piety under Okawaru
 17186 | D:10     | Entered Level 10 of the Dungeon
 17258 | D:10     | Reached skill level 1 in Necromancy
 17258 | D:10     | Reached XP level 11. HP: 76/77 MP: 15/18
 17311 | D:10     | Identified a scroll of acquirement
 17383 | D:10     | Reached skill level 8 in Fighting
 17443 | D:10     | Found a staircase to the Orcish Mines.
 17818 | D:10     | Got a slimy wooden ring
 17879 | D:10     | Identified the cursed ring of Gueduym {*Contam +Fly rN+
                  | EV-2 Int+5} (You found it on level 10 of the Dungeon)
 18149 | D:11     | Noticed a green ugly thing
 18150 | D:11     | Noticed Fannar
 18267 | D:10     | Killed a green ugly thing
 18353 | D:11     | Noticed a cyclops
 18469 | D:8      | Killed Psyche
 18570 | D:8      | Killed Maurice
 18704 | D:11     | Reached skill level 9 in Fighting
 18756 | D:10     | Killed Fannar
 18833 | D:11     | Killed a cyclops
 18926 | D:11     | Noticed a two-headed ogre
 18961 | D:10     | Killed a two-headed ogre
 18961 | D:10     | Reached ***** piety under Okawaru
 18961 | D:10     | Reached skill level 10 in Fighting
 19089 | D:10     | Slain by a wraith

Skill      XL: |  1  2  3  4  5  6  7  8  9 10 11 |
---------------+----------------------------------+-----
Stealth        | 3 4 5 |  5.0
Fighting       | 1 2 3 4 5 7 10 | 10.3
Dodging        | 3 4 5 6 8 9 |  9.0
Polearms       | 1 2 4 7 9 |  9.1
Invocations    | 3 5 |  5.1
Spellcasting   | 4 5 |  5.0
Necromancy     | 1 4 |  4.1
Conjurations   | |  1.0
Summonings     | |  1.0
Translocations | |  1.0

Action                   |  1- 3 |  4- 6 |  7- 9 | 10-12 || total
-------------------------+-------+-------+-------+-------++-------
Melee: Dagger            |    11 |       |       |       ||    11
       Constrict         |     7 |    31 |    59 |    33 ||   130
       Tentacles         |     4 |    16 |    72 |    51 ||   143
       Short sword       |    23 |     6 |       |       ||    29
       Spear             |       |    30 |   540 |       ||   570
       Whip              |       |    96 |    39 |       ||   135
       Punch             |       |       |     8 |     4 ||    12
       Trident           |       |       |     7 |   445 ||   452
 Cast: Magic Dart        |    34 |    68 |    33 |    25 ||   160
       Call Imp          |     7 |    17 |    43 |    14 ||    81
       Conjure Flame     |       |       |     2 |    22 ||    24
       Mephitic Cloud    |       |       |     1 |     2 ||     3
       Poisonous Vapours |       |       |       |    17 ||    17
       Animate Skeleton  |       |       |       |    18 ||    18
       Regeneration      |       |       |       |    14 ||    14
       Blink             |       |       |       |     3 ||     3
Invok: Heroism           |       |       |    20 |    18 ||    38
Evoke: Wand              |       |       |       |     1 ||     1
  Use: Scroll            |     4 |     6 |    10 |     5 ||    25
       Potion            |       |     2 |     7 |       ||     9
 Stab: Sleeping          |     1 |     9 |     6 |     7 ||    23
       Distracted        |       |       |     2 |     1 ||     3
       Confused          |       |       |     1 |     2 ||     3
  Eat: Chunk             |     4 |    16 |    14 |     9 ||    43
       Ration            |       |       |     4 |     2 ||     6
Armor: Skin              |     1 |    12 |   124 |    12 ||   149
Dodge: Dodged            |    39 |    96 |   307 |   156 ||   598
